 Dungeon Crawl Stone Soup version 0.19.1-1-g22dce08 (console) character file.

1777 shas the Grappler (level 8, 0/85 HPs)
             Began as a Troll Berserker on Jan 18, 2017.
             Was an Elder of Trog.
             Slain by dscm's ghost (11 damage)
             ... on level 7 of the Dungeon.
             The game lasted 00:39:20 (4396 turns).

shas the Grappler (Troll Berserker)                 Turns: 4396, Time: 00:39:21

Health: 0/85       AC: 11    Str: 24    XL:     8   Next: 81%
Magic:  7/7        EV: 11    Int:  3    God:    Trog [****..]
Gold:   313        SH:  0    Dex:  9    Spells: 0 memorised, 7 levels left

rFire  . . .     SeeInvis .       - Unarmed
rCold  . . .     Gourm    +     a - +1 animal skin
rNeg   . . .     Faith    .     (no shield)
rPois  +         Spirit   .     (helmet restricted)
rElec  .         Reflect  .     f - +2 cloak
rCorr  .         Harm     .     (gloves unavailable)
MR     .....     Rnd*Rage +     (boots unavailable)
Stlth  ++........               (no amulet)
                                v - ring of poison resistance
                                i - ring of stealth

@: about to teleport
A: unfitting armour, claws 3, hooves 1, molten scales 1, berserk 1, fast
metabolism 3, gourmand, regeneration 1, robust 1, shaggy fur 1, tough skin 2,
weak 2
a: Berserk, Trog's Hand, Brothers in Arms, Burn Spellbooks, Renounce Religion


You were on level 7 of the Dungeon.
You worshipped Trog.
Trog was greatly pleased with you.
You were very full.

You visited 1 branch of the dungeon, and saw 7 of its levels.

You collected 313 gold pieces.

Inventory:

Hand Weapons
 s - the +4 Vampire's Tooth {vamp}
   (You found it on level 5 of the Dungeon)

   It inflicts no extra harm, but heals its wielder when it wounds a living foe.
 x - a +0 war axe of pain
Missiles
 q - 2 large rocks (quivered)
Armour
 a - a +1 animal skin (worn)
 f - a +2 cloak (worn)
Jewellery
 i - a ring of stealth (left claw)
 v - a ring of poison resistance (right claw)
Wands
 n - a wand of iceblast (9/15)
 t - a wand of teleportation (2/9)
 w - a wand of disintegration (10/24)
Scrolls
 j - a scroll of recharging
 r - a scroll of identify
 u - 2 scrolls of remove curse
Potions
 e - 2 potions of flight
 g - 2 potions of might
 k - 3 potions of curing
 m - a potion of haste
Comestibles
 b - 5 bread rations
 d - 5 meat rations
 h - a royal jelly
 l - a beef jerky
 p - 3 fruits


   Skills:
 + Level 3.6 Fighting
 + Level 1.2 Throwing
 + Level 5.3 Dodging
 + Level 2.0 Stealth
 + Level 8.9 Unarmed Combat


You had 7 spell levels left.
You didn't know any spells.

Dungeon Overview and Level Annotations

Branches:
Dungeon (7/15)             Temple (0/1) D:4

Altars:
Okawaru
The Shining One

Annotations:
D:7 dscm's ghost, novice FoFi


Innate Abilities, Weirdness & Mutations

You are too large for most types of armour.
You have claws for hands.
Your metabolism is lightning-fast.
You like to eat raw meat.
Your natural rate of healing is unusually fast.
You are covered in fur. (AC +1)
You have very tough skin. (AC +2)
You have large cloven feet.
You are partially covered in molten scales. (AC +2)
You tend to lose your temper in combat.
You are robust. (+10% HP)
You are very weak. (Str -4)


Message History

You claw dscm's ghost!
You kick dscm's ghost, but do no damage.
Dscm's ghost is severely damaged.
Dscm's ghost hits you.
* * * LOW HITPOINT WARNING * * *
You scratch dscm's ghost but do no damage.
Dscm's ghost is severely damaged.
Dscm's ghost hits you!
* * * LOW HITPOINT WARNING * * *
Evoke which item? (* to show all) (? for menu, Esc to quit)
Zapping:
w - a wand of disintegration (will waste charges)
Press: ? - help, Shift-Dir - straight line, f - dscm's ghost
Aim: dscm's ghost (severely damaged, chance to defeat MR: 26%)
Okay, then.
As you read the scroll of fear, it crumbles to dust.
You assume a fearsome visage.
Dscm's ghost is unaffected.
Dscm's ghost barely misses you.
As you read the scroll of teleportation, it crumbles to dust.
You feel strangely unstable. Dscm's ghost hits you!
You die...

. ...... ##. #...(.
... #. ..... #.# .##
# #..# #.# ..#
###.#..## #.# #.#
....#...###.# #.##
##........# #..##
##...[W@.###
###...####.........#
..#
.<.......'.........+
..#
###...####.........#
..# #..##
##......(## #.# #.##
##.....## #.# #.#
##...## #.# #.#
##'## #.# #.# #.#
########<#


You could see dscm's ghost.

Vanquished Creatures
  The ghost of Squonk the Shooter, a novice HEAM (D:4)
  A hippogriff (D:6)
  2 ogres
  4 wights (D:6)
  2 vampire bats (D:5)
  5 crimson imps (D:5)
  4 hounds
  3 orc priests (D:3)
  2 orc wizards (D:3)
  Jessica (D:3)
  3 iguanas
  3 worker ants
  A hound zombie (D:6)
  A howler monkey zombie (D:6)
  4 gnolls
  A howler monkey skeleton (D:5)
  10 adders
  2 oozes
  A worm (D:4)
  3 dart slugs
  4 leopard geckos
  21 orcs
  3 giant cockroaches
  8 goblins
  8 hobgoblins
  9 jackals
  7 kobolds
  5 quokkas
  A ball python (D:4)
  11 bats
  3 frilled lizards
  A leopard gecko skeleton (D:6)
  8 rats
143 creatures vanquished.

Notes
Turn   | Place    | Note
-------+----------+-------------------------------------------
     0 | D:1      | shas the Troll Berserker began the quest for the Orb.
     0 | D:1      | Reached XP level 1. HP: 22/22 MP: 0/0
    68 | D:1      | Reached XP level 2. HP: 29/29 MP: 1/1
   422 | D:1      | Reached XP level 3. HP: 14/36 MP: 2/2
   683 | D:2      | Gained mutation: You are partially covered in molten scales. (AC +2) [potion of mutation]
   683 | D:2      | Gained mutation: You tend to lose your temper in combat. [potion of mutation]
   683 | D:2      | Gained mutation: You are weak. (Str -2) [potion of mutation]
   708 | D:2      | Reached ** piety under Trog
   776 | D:2      | Reached XP level 4. HP: 20/45 MP: 3/3
   779 | D:2      | Reached skill level 4 in Unarmed Combat
   846 | D:2      | Found a glowing golden altar of the Shining One.
  1359 | D:3      | Reached XP level 5. HP: 39/53 MP: 4/4
  1583 | D:3      | Reached XP level 6. HP: 61/61 MP: 5/5
  1614 | D:3      | Reached skill level 5 in Unarmed Combat
  1645 | D:3      | Noticed Jessica
  1653 | D:3      | Killed Jessica
  1653 | D:3      | Reached *** piety under Trog
  2160 | D:4      | Found a staircase to the Ecumenical Temple.
  2241 | D:4      | Reached skill level 1 in Stealth
  2267 | D:4      | Noticed Squonk's ghost (novice HEAM)
  2296 | D:4      | Killed Squonk's ghost
  2296 | D:4      | Reached skill level 6 in Unarmed Combat
  2296 | D:4      | Reached XP level 7. HP: 15/67 MP: 6/6
  2580 | D:4      | Reached skill level 7 in Unarmed Combat
  2822 | D:5      | Entered Level 5 of the Dungeon
  2990 | D:5      | Reached XP level 8. HP: 74/75 MP: 7/7
  3039 | D:5      | Reached **** piety under Trog
  3144 | D:5      | Gained mutation: You have large cloven feet. [potion of mutation]
  3144 | D:5      | Gained mutation: You are very weak. (Str -4) [potion of mutation]
  3144 | D:5      | Gained mutation: You are robust. (+10% HP) [potion of mutation]
  3191 | D:5      | Reached skill level 1 in Throwing
  3330 | D:5      | Reached skill level 8 in Unarmed Combat
  3589 | D:6      | Found an iron altar of Okawaru.
  3732 | D:6      | Reached skill level 5 in Dodging
  3870 | D:6      | Noticed a hippogriff
  3886 | D:6      | Killed a hippogriff
  4374 | D:7      | Noticed dscm's ghost (novice FoFi)
  4396 | D:7      | Slain by dscm's ghost

Skill      XL: |  1  2  3  4  5  6  7  8 |
---------------+-------------------------+-----
Fighting       | 3 |  3.6
Dodging        | 3 4 5 |  5.3
Unarmed Combat | 4 6 7 8 |  8.9
Stealth        | 1 2 |  2.0
Throwing       | 1 |  1.2

Action                   |  1- 3 |  4- 6 |  7- 9 || total
-------------------------+-------+-------+-------++-------
Melee: Unarmed           |    59 |   159 |   194 ||   412
       Punch             |     1 |     3 |     1 ||     5
       Kick              |       |       |    29 ||    29
Throw: Large rock        |       |       |    14 ||    14
Invok: Burn Spellbooks   |       |       |     2 ||     2
  Use: Scroll            |     7 |     5 |     5 ||    17
       Potion            |     4 |     3 |     3 ||    10
 Stab: Sleeping          |       |     3 |     8 ||    11
  Eat: Chunk             |    12 |    13 |    20 ||    45
Armor: Animal skin       |    19 |    61 |    87 ||   167
Dodge: Dodged            |    36 |    62 |   123 ||   221
